 Dungeon Crawl Stone Soup version 0.29.1-13-g9f3cf754e1 (webtiles) character file.

Game seed: 6111563411358209072

84 DemonSlayer the Digger (level 4, 0/30 HPs)
             Began as a Demonspawn Earth Elementalist on Feb 4, 2023.
             Killed from afar by an orc wizard (7 damage)
             ... with a magic dart
             ... on level 3 of the Dungeon.
             The game lasted 00:04:06 (2700 turns).

DemonSlayer the Digger (DsEE)                       Turns: 2700, Time: 00:04:07

Health: 0/30       AC:  2    Str: 10    XL:     4   Next: 23%
Magic:  2/8        EV: 12    Int: 16    God:
Gold:   87         SH:  0    Dex: 14    Spells: 2/9 levels left

rFire   . . .      SeeInvis .   l - +0 quarterstaff (spect)
rCold   . . .      Faith    .   (shield currently unavailable)
rNeg    . . .      Spirit   .   a - +0 robe
rPois   .          Reflect  .   (no helmet)
rElec   .          Harm     .   (no cloak)
rCorr   +          Rampage  .   (no gloves)
Will    .....                   (no boots)
Stlth   ++........              (no amulet)
HPRegen 0.10/turn               e - ring of resist corrosion
MPRegen 0.11/turn               (no ring)

@: very slightly contaminated
A: foul stench 1
a: no special abilities


You were on level 3 of the Dungeon.
You visited 1 branch of the dungeon, and saw 3 of its levels.

You collected 87 gold pieces.

Inventory:

Hand Weapons
 l - a +0 spectral quarterstaff (weapon)
Armour
 a - a +0 robe (worn)
Jewellery
 e - a ring of resist corrosion (left hand)
Scrolls
 f - 2 scrolls of teleportation {unknown}
 g - a scroll of immolation {unknown}
 h - 2 scrolls of vulnerability {unknown}
 j - a scroll of amnesia {unknown}
 m - a scroll of butterflies {unknown}
 n - a scroll of poison {unknown}
Potions
 b - a potion of berserk rage
 c - a potion of invisibility


   Skills:
 + Level 1.8 Dodging
 + Level 1.9 Stealth
 + Level 3.1 Spellcasting
 + Level 0.8 Transmutations
 + Level 3.8 Earth Magic


You had 2 spell levels left.
You knew the following spells:

 Your Spells              Type           Power      Damage    Failure   Level
a - Sandblast             Erth           28%        2d8       3%          1
b - Stone Arrow           Conj/Erth      16%        3d8       26%         3
c - Mephitic Cloud        Conj/Pois/Air  2%         N/A       50%         3

Your spell library contained the following spells:

 Spells                   Type           Power      Damage    Failure   Level
 Passwall                 Tmut/Erth      8%         N/A       11%         2
 Magic Dart               Conj           8%         1d3       19%         1
 Blink                    Tloc           4%         N/A       28%         2
 Call Imp                 Summ           2%         N/A       28%         2
 Lesser Beckoning         Tloc           2%         N/A       50%         3
 Petrify                  Tmut/Erth      10%        N/A       56%         4
 Manifold Assault         Tloc           2%         N/A       99%         5


Dungeon Overview and Level Annotations

Branches:
Dungeon (3/15)

Altars:
Makhleb
Yredelemnul

Annotations:
D:3 1 runed translucent door


Innate Abilities, Weirdness & Mutations

You may rarely emit foul miasma when damaged in melee.


Message History

Nothing appears to happen.
The orc closely misses you.
The orc wizard hits you but does no damage.
You closely miss the orc wizard.
The orc wizard is heavily wounded.
Your +0 spectral quarterstaff barely misses the orc wizard.
The orc closely misses you.
The orc wizard hits you with a +0 dagger.
The blast of sand hits the orc wizard.
The orc wizard is severely wounded.
The orc hits you with a +0 club.
The orc wizard hits you with a +0 dagger.
The orc wizard points at you and mumbles some strange words.
The puff of flame hits you! The orc hits you with a +0 club.
You are too injured to fight recklessly!
Casting: Sandblast (safe; 3% risk of failure)
Confirm with . or Enter, or press ? or * to list all spells.
Aiming: Sandblast (safe; 3% risk of failure)
Press: ? - help, Shift-Dir - straight line, f/p - orc wizard
Aim: an orc wizard, wielding a +0 dagger and wearing a +0 robe (severely wounded, 77% to hit)
The blast of sand hits the orc wizard but does no damage.
The orc wizard is severely wounded.
The orc hits you but does no damage.
The orc wizard casts a spell.
The orc wizard flickers and vanishes!
Unknown command.
The orc attacks as you move away! The orc completely misses you.
Casting: Sandblast (safe; 3% risk of failure)
Confirm with . or Enter, or press ? or * to list all spells.
Aiming: Sandblast (safe; 3% risk of failure)
Press: ? - help, Shift-Dir - straight line, f - orc
Aim: an orc, wielding a +0 club and wearing a +0 ring mail (84% to hit)
The blast of sand hits the orc!
You kill the orc!
You hear some strange, mumbled words.
A puff of flame appears from out of thin air!
The puff of flame hits you!
* * * LOW HITPOINT WARNING * * *
A magic dart appears from out of thin air!
The magic dart hits you!
You die...

############
#..........#
#..........#
#..........#
'..........+
#..........####
......){.......
#)# #@## #..###
##...## #+#
###..### #.#
##...####.#
###....#.#
####.#.# #...#
### ##..#....


There were no monsters in sight!

Vanquished Creatures
  3 adders
  2 worms
  A dart slug (D:2)
  4 orcs (D:3)
  3 endoplasms
  A goblin (D:1)
  3 hobgoblins
  5 quokkas
  2 ball pythons
  7 bats
  5 frilled lizards
  6 kobolds
  8 rats
50 creatures vanquished.

Notes
Turn   | Place    | Note
-------+----------+-------------------------------------------
     0 | D:1      | DemonSlayer the Demonspawn Earth Elementalist began the
                  | quest for the Orb.
     0 | D:1      | Reached XP level 1. HP: 13/13 MP: 3/3
   387 | D:1      | Gained mutation: You may rarely emit foul miasma when
                  | damaged in melee. [demonic ancestry]
   387 | D:1      | Reached XP level 2. HP: 19/19 MP: 3/5
  1143 | D:2      | Found a faded altar of an unknown god.
  1229 | D:2      | Reached XP level 3. HP: 24/24 MP: 3/6
  1923 | D:2      | Learned a level 3 spell: Stone Arrow
  1927 | D:2      | Learned a level 3 spell: Mephitic Cloud
  2010 | D:3      | Found a burning altar of Makhleb.
  2148 | D:3      | Found a runed translucent door.
  2148 | D:3      | Noticed a human
  2149 | D:3      | Found a basalt altar of Yredelemnul.
  2296 | D:3      | Reached XP level 4. HP: 30/30 MP: 4/8
  2700 | D:3      | Killed from afar by an orc wizard

Illustrated notes

Levels and vault maps discovered:
D:1:      lightli_arrival_noodles, layout_basic,
          nicolae_concentric_dashed_squares_wild, serial_bayou_ford_a
D:2:      layout_basic, shapermc_ecumenical_altar_venn
D:3:      layout_basic, dk_yredelemnul_ordeal, lemuel_doored_altar

Skill      XL: |  1  2  3  4 |
---------------+-------------+-----
Earth Magic    | 3 |  3.8
Spellcasting   | 3 |  3.1
Dodging        | |  1.8
Stealth        | |  1.9
Transmutations | |  0.8

Action                   |  1- 3 |  4- 6 || total
-------------------------+-------+-------++-------
Melee: Quarterstaff      |     9 |     1 ||    10
       Unarmed           |     1 |       ||     1
 Cast: Sandblast         |    58 |    14 ||    72
  Use: Potion            |     1 |     1 ||     2
       Scroll            |     4 |       ||     4
 Stab: Sleeping          |     2 |       ||     2
Armor: Robe              |     3 |     3 ||     6
Dodge: Dodged            |    23 |     7 ||    30
